cohdb
Replays
Latest Replays
All Replays
Popular Replays
Top Player Replays
Match Explorer
How It Works
Community
CoH3 Stats
Reddit
Sign in to upload your games and track your stats! →
Sign in with Steam
Match 28560166
Unlisted
Match 28560166
Overview
Messages
Build Orders
End
Construct Infanterie Kompanie
Selects Mechanized Battlegroup
Grenadier Squad
MG 42 Machine Gun Team
Grenadier Squad
Grenadier Squad
Construct Luftwaffe Kompanie
Jäger Squad
Selects Raid Package
Grenadier Squad
MG 42 Machine Gun Team
Medical Station
Grenadier Squad
Support Elements
Selects 8 Rad Armored Car
Marder III M Tank Destroyer
Selects UNKNOWN (2160084)
Construct Panzer Kompanie
Panther Heavy Tank
Panther Heavy Tank
Friendly Mouse(Poxie)
gameing
稀里哗啦
Yundan
ajmonsterman
dres
Rob
dewa
0
0
Comments
sign in to comment!
No comments posted yet!